Map: Lost and Found LE

Players

MarineLorD

  • Race: Terran Terran
  • League: Master
  • Spawn Location: 1:00

Harstem - Winner!

  • Race: Protoss Protoss
  • League: Master
  • Spawn Location: 7:00

Event: HomeStory Cup XVIII

VOD

Have the link to the VOD?

Description

Time

  • Played on: Nov. 22, 2018, 12:41 p.m.
  • Length: 10:42

All games in this series

Show
View Real Time Build Order
Export as new Build Order

MarineLorD Terran 

Build Orders:  

Get SALT Encoding   

  12  0:00  SCV  
  13  0:12  SCV  
  14  0:17  Supply Depot  
  14  0:24  SCV  
  15  0:38  SCV  
  15  0:40  Barracks  
  16  0:46  Refinery  
  16  0:50  SCV  
  17  1:02  SCV  
  18  1:15  SCV  
  19  1:28  Barracks Reactor, Orbital Command  
  19  1:40  Command Center  
  19  1:50  Supply Depot  
  19  1:53  SCV  
  20  2:04  Marine x2  
  20  2:05  SCV  
  23  2:14  Factory  
  23  2:18  SCV  
  23  2:22  Marine x2  
  25  2:26  Refinery  
  26  2:33  SCV  
  27  2:40  Marine x2  
  29  2:45  SCV  
  30  2:53  Orbital Command  
  30  2:57  Factory Tech Lab, SCV  
  31  2:59  Barracks  
  31  3:01  Marine  
  31  3:03  Marine  
  33  3:09  SCV  
  34  3:15  Cyclone  
  37  3:20  SCV  
  37  3:22  Mag-Field Accelerator  
  38  3:28  Supply Depot, SCV  
  38  3:32  SCV  
  40  3:34  Marine  
  40  3:35  Marine  
  40  3:41  SCV  
  43  3:44  SCV  
  43  3:45  Supply Depot  
  43  3:47  Barracks Tech Lab  
  44  3:52  Cyclone  
  44  3:53  SCV  
  47  3:56  SCV  
  47  4:01  Marine  
  49  4:05  SCV  
  49  4:07  Marine, Combat Shield  
  49  4:08  Marine  
  52  4:11  SCV  
  53  4:18  Supply Depot x2  
  53  4:21  Marine  
  54  4:24  SCV  
  54  4:25  Marine, SCV  
  54  4:28  Cyclone  
  60  4:32  Engineering Bay  
  60  4:36  SCV  
  60  4:37  SCV  
  62  4:39  Marine x2  
  62  4:43  Marine  
  62  4:44  Supply Depot  
  65  4:48  SCV  
  66  4:55  SCV  
  66  4:57  Marine x2  
  69  5:00  Missile Turret, Cyclone  
  69  5:01  SCV  
  69  5:05  Missile Turret  
  69  5:06  Marine  
  74  5:08  SCV  
  74  5:10  Terran Infantry Weapons Level 1  
  74  5:12  Refinery  
  74  5:13  SCV  
  76  5:17  Marine  
  76  5:20  SCV  
  78  5:25  SCV  
  78  5:27  Stimpack  
  79  5:32  Marine x2  
  79  5:35  Marauder  
  80  5:41  SCV  
  80  5:42  Barracks  
  81  5:45  Factory Reactor, SCV  
  81  5:46  Starport  
  77  5:50  Marine  
  77  5:53  SCV  
  73  5:57  SCV  
  73  5:58  Marine  
  73  5:59  Marauder  
  73  6:03  Command Center  
  73  6:05  SCV  
  73  6:09  SCV  
  69  6:11  Marine  
  69  6:17  SCV, Barracks  
  69  6:19  Barracks  
  69  6:22  Refinery  
  69  6:23  Marauder  
  71  6:28  Marine  
  71  6:29  Factory Reactor, Marauder, Marine, Concussive Shells  
  71  6:31  Medivac x2  
  79  6:41  SCV  
  79  6:44  Marauder  
  82  6:48  SCV  
  82  6:51  Marauder, Marine  
  86  6:55  Supply Depot  
  86  6:56  Supply Depot  
  86  7:00  Supply Depot  
  86  7:04  Terran Infantry Armor Level 1  
  86  7:05  Barracks Tech Lab  
  86  7:06  Barracks Reactor  
  86  7:15  Marine x2, Marauder, Medivac x2, SCV  
  95  7:16  Orbital Command  
  95  7:18  Marauder  
  95  7:19  SCV  
  98  7:24  Marauder  
  98  7:27  SCV  
  101  7:31  SCV  
  101  7:33  Marine x2  
  106  7:37  Marauder  
  106  7:39  SCV  
  106  7:41  Marine  
  106  7:42  Marauder, Marine, Orbital Command  
  111  7:45  Medivac  
  111  7:46  Marauder  
  111  7:48  SCV  
  111  7:50  Marine  
  114  7:51  Marine  
  117  7:58  Marauder  
  117  8:00  Marine x2  
  117  8:03  Marauder  
  117  8:04  Armory, Engineering Bay  
  121  8:06  Supply Depot  
  121  8:07  Marauder  
  121  8:09  Supply Depot  
  121  8:10  Supply Depot  
  121  8:11  Marine  
  121  8:12  Marine  
  125  8:27  Marine x2, SCV x2  
  125  8:28  Marauder x2  
  125  8:29  SCV  
  125  8:34  Supply Depot x2  
  131  8:36  Medivac x2  
  131  8:37  Widow Mine x2  
  131  8:40  Refinery, SCV x2  
  131  8:41  Refinery, SCV  
  142  8:46  Marauder, Marine  
  145  8:52  SCV  
  145  8:54  SCV x2  
  142  8:58  Marauder  
  139  9:04  SCV  
  139  9:05  Marine, Marauder  
  139  9:06  SCV x2  
  139  9:09  Marauder  
  136  9:13  Marine  
  136  9:16  SCV  
  134  9:18  SCV x2  
  134  9:19  Marauder  
  134  9:22  Supply Depot  
  138  9:27  Marauder  
  138  9:28  SCV  
  138  9:30  SCV  
  138  9:31  Marauder, Marine, Liberator  
  129  9:39  Marine  
  129  9:40  Marauder  
  132  9:48  Marauder  
  137  9:55  Marine  
  137  9:56  Marauder  
  137  9:59  SCV x2  
  142  10:00  SCV  
  142  10:03  Marauder  
  142  10:05  Marine  
  143  10:08  Marine  
  143  10:09  Marine  
  143  10:10  Marauder  
  143  10:11  SCV  
  147  10:17  Marauder  
  147  10:18  Marine  
  147  10:20  Widow Mine x2  
  154  10:23  Marine  
Show
View Real Time Build Order
Export as new Build Order

Harstem Protoss - Winner!

Build Orders: 1 Gate Expand, Oracle Opening 

Get SALT Encoding   

  12  0:00  Probe  
  13  0:12  Probe  
  14  0:17  Pylon  
  14  0:24  Probe  
  15  0:32  Probe  
  15  0:37  Gateway  
  15  0:40  Probe  
  16  0:46  Assimilator  
  17  0:51  Probe  
  18  1:03  Probe  
  19  1:15  Probe  
  20  1:27  Nexus  
  20  1:34  Cybernetics Core  
  20  1:37  Probe  
  21  1:43  Assimilator  
  21  1:49  Probe  
  21  1:52  Pylon  
  22  2:01  Probe  
  23  2:02  Adept  
  23  2:13  Probe  
  26  2:18  Stargate  
  26  2:25  Probe  
  26  2:28  Adept  
  28  2:30  Warp Gate  
  28  2:34  Probe  
  28  2:35  Probe  
  28  2:42  Probe  
  28  2:43  Probe  
  32  2:51  Probe  
  32  2:53  Oracle, Probe  
  34  3:03  Probe  
  38  3:06  Pylon  
  38  3:09  Probe  
  39  3:16  Probe  
  42  3:22  Probe  
  42  3:26  Gateway  
  43  3:28  Probe  
  43  3:29  Oracle  
  43  3:34  Probe  
  46  3:35  Gateway  
  46  3:40  Adept, Probe  
  49  3:46  Probe  
  49  3:47  Pylon  
  50  3:52  Probe  
  51  4:01  Probe  
  52  4:03  Phoenix  
  52  4:04  Probe  
  52  4:08  Nexus  
  53  4:14  Probe  
  53  4:16  Assimilator  
  56  4:19  Twilight Council, Probe  
  57  4:27  Assimilator  
  57  4:28  Forge  
  57  4:29  Pylon  
  57  4:31  Probe  
  57  4:33  Probe  
  59  4:43  Pylon, Probe  
  61  4:45  Probe  
  61  4:48  Resonating Glaives  
  61  4:52  Sentry, Stalker  
  65  4:53  Pylon  
  65  4:56  Probe  
  65  4:59  Probe  
  67  5:06  Stalker  
  69  5:08  Probe  
  69  5:10  Shield Battery  
  69  5:11  Probe  
  69  5:13  Shield Battery  
  71  5:16  Shield Battery  
  71  5:20  Probe  
  72  5:28  Protoss Ground Weapons Level 1  
  70  5:30  Stalker x3  
  70  5:32  Probe  
  74  5:37  Probe  
  74  5:38  Probe  
  76  5:43  Gateway  
  76  5:44  Probe  
  77  5:54  Adept  
  77  5:55  Adept x2  
  77  5:57  Probe  
  77  6:03  Probe  
  78  6:04  Probe  
  78  6:07  Robotics Facility  
  78  6:08  Gateway  
  78  6:09  Probe  
  77  6:12  Gateway  
  77  6:15  Sentry, Probe  
  77  6:16  Pylon, Forge, Sentry  
  83  6:21  Gateway  
  83  6:26  Blink, Probe  
  83  6:27  Protoss Ground Armor Level 1  
  83  6:28  Gateway, Assimilator  
  83  6:30  Probe  
  83  6:31  Sentry, Assimilator  
  83  6:32  Pylon, Probe  
  87  6:39  Probe  
  88  6:42  Probe  
  88  6:44  Stalker x2  
  93  6:48  Pylon, Probe  
  93  6:50  Immortal  
  93  6:51  Probe  
  95  6:56  Oracle, Probe  
  100  7:08  Stalker  
  105  7:09  Stalker  
  105  7:14  Adept x2  
  111  7:19  Pylon  
  111  7:20  Stalker x2  
  111  7:21  Protoss Ground Weapons Level 2  
  115  7:24  Adept  
  121  7:30  Immortal  
  121  7:37  Adept x3  
  121  7:40  Adept  
  128  7:45  Adept x2  
  128  7:46  Adept  
  128  7:47  Pylon  
  130  7:55  Adept  
  130  8:01  Robotics Bay  
  130  8:03  Pylon  
  131  8:05  Probe  
  131  8:06  Dark Shrine  
  131  8:07  Adept x3  
  136  8:13  Warp Prism  
  136  8:22  Stalker x4  
  144  8:36  Stalker  
  144  8:40  Pylon  
  144  8:42  Pylon  
  144  8:44  Adept x2  
  144  8:46  Extended Thermal Lance  
  146  8:49  Colossus  
  146  9:00  Stalker  
  152  9:03  Adept x2  
  156  9:16  Adept x3  
  154  9:26  Adept x4  
  162  9:35  Nexus  
  156  9:40  Pylon, Adept x3  
  156  9:42  Pylon  
  162  9:51  Adept  
  164  9:54  Probe  
  164  9:56  Pylon  
  165  10:00  Adept x3  
  165  10:03  Pylon  
  171  10:10  Stalker x3  
  171  10:17  Pylon  
  171  10:21  Adept x5  
  171  10:24  Pylon  
  175  10:40  Adept x3  
Tags
 
Add a new tag
Caveats
  • Supply blocks, unpowered buildings, or Contaminate may cause inaccurate times.
  • Supply counts are checked every 10 seconds.